 Dungeon Crawl Stone Soup version 0.29.1-1-gd02db6906a (webtiles) character file.

Game seed: 17162574954944392920

33 Sanktem7 the Trooper (level 3, 0/34 HPs)
             Began as a Minotaur Fighter on Oct 2, 2022.
             Slain by Terence
             ... wielding a +2 vorpal flail
              (2 damage)
             ... on level 2 of the Dungeon.
             The game lasted 00:01:13 (1053 turns).

Sanktem7 the Trooper (Minotaur Fighter)             Turns: 1053, Time: 00:01:14

Health: 0/34       AC:  8    Str: 22    XL:     3   Next: 12%
Magic:  2/2        EV:  9    Int:  5    God:
Gold:   17         SH:  4    Dex:  9    Spells: 2/2 levels left

rFire   . . .      SeeInvis .   a - +0 flail {mace}
rCold   . . .      Faith    .   c - +0 buckler
rNeg    . . .      Spirit   .   b - +0 scale mail
rPois   .          Reflect  .   (helmet restricted)
rElec   .          Harm     .   j - +0 cloak
rCorr   .          Rampage  .   (no gloves)
Will    .....                   (no boots)
Stlth   ..........              (no amulet)
HPRegen 0.11/turn               (no ring)
MPRegen 0.08/turn               (no ring)

@: no status effects
A: horns 2, retaliatory headbutt
a: no special abilities


You were on level 2 of the Dungeon.
You visited 1 branch of the dungeon, and saw 2 of its levels.

You collected 17 gold pieces.


Innate Abilities, Weirdness & Mutations

You have a pair of horns on your head.
You reflexively headbutt those who attack you in melee.


   Skills:
 * Level 4.5 Fighting
 * Level 3.5 Maces & Flails
 - Level 3.6 Armour
 - Level 3.6 Shields


You had 2 spell levels left.
You didn't know any spells.
Your spell library was empty.

Inventory:

Hand Weapons
 a - a +0 flail (weapon) {mace}
Missiles
 e - 12 stones (quivered) {throwing}
 g - 2 javelins {throwing}
 l - a throwing net {=f!fthrowing}
Armour
 b - a +0 scale mail (worn)
 c - a +0 buckler (worn)
 j - a +0 cloak (worn)
   (You found it on level 1 of the Dungeon)
Scrolls
 f - a scroll of noise {unknown}
 i - 2 scrolls of silence {unknown}
 k - a scroll of identify {unknown}
Potions
 d - a potion of might
 h - 2 potions of flight {unknown}

Dungeon Overview and Level Annotations

Branches:
Dungeon (2/15) Zot: 10929

Altars:

Annotations:
D:2 Terence

##. ....
..... #
####..#
#.##.@...#
#...@....#
####<#####
#.......#
#.##.##.#
# #.# #
#.# #..
###


You could see Terence.


Message History

You kill the bat!
You have reached level 3!
Your experience leads to an increase in your attributes!
Increase (S)trength, (I)ntelligence, or (D)exterity?
You feel stronger. x2 😎 HP[+6] MP[+1]
You now have 34 max hp (+6).
Your hp is fully restored (34).
Your mp is fully restored (2).
You see here a bat corpse.
A frilled lizard comes into view.
The frilled lizard hisses angrily.
A frilled lizard is nearby!
A ball python comes into view.
The ball python hisses angrily.
You closely miss the frilled lizard. The frilled lizard bites you. 😕 HP[-2]
You take 2 damage, and now have 32/34 hp.
You completely miss the frilled lizard. The frilled lizard barely misses you.
You block the ball python's attack. The ball python grabs you.
The ball python constricts you.
You closely miss the ball python. You headbutt the ball python.
You kill the ball python!
You block the frilled lizard's attack.
The frilled lizard bites you but does no damage. 😕 HP[+1]
You miss the frilled lizard. The frilled lizard closely misses you.
You barely miss the frilled lizard. The frilled lizard barely misses you.
You miss the frilled lizard.
Your headbutt misses the frilled lizard.
The frilled lizard bites you but does no damage.
The frilled lizard unfolds its giant frill.
The frilled lizard bites you but does no damage.
You miss the frilled lizard.
Your headbutt misses the frilled lizard.
The frilled lizard bites you but does no damage.
You closely miss the frilled lizard.
The frilled lizard bites you but does no damage.
You barely miss the frilled lizard. The frilled lizard barely misses you.
You closely miss the frilled lizard. The frilled lizard closely misses you.
You furiously retaliate!
You headbutt the frilled lizard.
You kill the frilled lizard! 😎 HP[+1]
Your hp is fully restored (34).
No target in view!
No target in view!
No target in view!
No target in view!
No target in view!
No target in view!
l - a throwing net {=f!fthrowing} A dart slug comes into view.
The dart slug launches a dart at you. The slug dart misses you.
A dart slug is nearby!
The dart slug bites you. 😕 HP[-3]
You take 3 damage, and now have 31/34 hp.
You hit the dart slug. You headbutt the dart slug.
The dart slug bites you but does no damage.
You hit the dart slug. You hit the dart slug.
You kill the dart slug!
No target in view!
No target in view!
No target in view!
No target in view!
No target in view!
No target in view!
No target in view!
No target in view!
You see here a bat corpse.
There is a stone staircase leading down here.
Done exploring. 😎 HP[+3]
Your hp is fully restored (34).
There is a stone staircase leading down here.
You climb downwards.
Terence shouts!
There is a stone staircase leading up here.
Terence hits you with a +2 vorpal flail. 😕 HP[-7]
You take 7 damage, and now have 27/34 hp.
MASSIVE DAMAGE!! (PAUSE)
You hit Terence.
Terence zaps a wand.
The puff of flame hits you! 😮 HP[-9]
You take 9 damage, and now have 18/34 hp.
MASSIVE DAMAGE!! (PAUSE)
You closely miss Terence. You headbutt Terence!
Terence hits you with a +2 vorpal flail!
* * * LOW HITPOINT WARNING * * *
x2 😱 HP[-10]
You take 10 damage, and now have 8/34 hp.
MASSIVE DAMAGE!! (PAUSE)
You hit Terence but do no damage.
Terence hits you with a +2 vorpal flail.
* * * LOW HITPOINT WARNING * * *
You die...

Skill      XL: |  1 |
---------------+----+-----
Fighting       | 4 |  4.5
Maces & Flails | 3 |  3.5
Armour         | |  3.6
Shields        | |  3.6

Action                   || total
-------------------------++-------
Melee: Flail             ||    60
       Headbutt          ||    10
Armor: Scale mail        ||    27
Dodge: Dodged            ||    24
Block: Buckler           ||    16

Levels and vault maps discovered:
D:1:      dpeg_arrival_signposts, layout_loops_ring
D:2:      layout_loops_corners, uniq_terence

Notes
Turn   | Place    | Note
-------+----------+-------------------------------------------
     0 | D:1      | Sanktem7 the Minotaur Fighter began the quest for the Orb.
     0 | D:1      | Reached XP level 1. HP: 19/19 MP: 0/0
     0 | D:1      | magus.rc [v1.9.6]
   199 | D:1      | Reached skill level 4 in Fighting
   199 | D:1      | Reached skill level 3 in Maces & Flails
   199 | D:1      | Reached XP level 2. HP: 27/27 MP: 1/1
   859 | D:1      | Reached XP level 3. HP: 34/34 MP: 2/2
  1049 | D:2      | Noticed Terence
  1052 | D:2      | HP: 8/34 [Terence/+2 vorpal flail (1)]
  1053 | D:2      | HP: 2/34 [Terence/+2 vorpal flail (6)]
  1053 | D:2      | Slain by Terence

Vanquished Creatures
  3 dart slugs (D:1)
  5 ball pythons (D:1)
  3 endoplasms (D:1)
  A giant cockroach (D:1)
  3 hobgoblins (D:1)
  2 kobolds (D:1)
  A quokka (D:1)
  4 bats (D:1)
  A frilled lizard (D:1)
  2 goblins (D:1)
25 creatures vanquished.

Table legend:
 A = Non-vault XP
 B = Vault XP
 C = Vault XP percentage of total XP
 D = Non-vault monster count
 E = Vault monster count
 F = Vault count percentage of total count
                 A         B        C        D         E       F
            +---------+---------+-------+---------+---------+-------
      Total |      48 |       0 |   0.0 |      25 |       0 |   0.0
            +---------+---------+-------+---------+---------+-------
        D:1 |      48 |       0 |   0.0 |      25 |       0 |   0.0
            +---------+---------+-------+---------+---------+-------

Illustrated notes

Table legend:
 A = Kills in this place as a percentage of kills in entire the game.
 B = Kills by you in this place as a percentage of kills by you in the entire game.
 C = Kills by friends in this place as a percentage of kills by friends in the entire game.
 D = Other kills in this place as a percentage of other kills in the entire game.
 E = Experience gained in this place as a percentage of experience gained in the entire game.
 F = Experience gained in this place divided by the number of levels of this place that you have seen.
                   A       B       C       D       E      F
               +-------+-------+-------+-------+-------+----------------------
         Total | 100.0 | 100.0 |   N/A |   N/A | 100.0 |  24.0
       Dungeon | 100.0 | 100.0 |   N/A |   N/A | 100.0 |  24.0
               +-------+-------+-------+-------+-------+----------------------

Table legend: (Time is in decaauts)
 A = Elapsed time spent in this place.
 B = Non-inter-level travel time spent in this place.
 C = Inter-level travel time spent in this place.
 D = Time resting spent in this place.
 E = Time spent auto-exploring this place.
 F = Levels seen in this place.
 G = Mean time per level.
                   A        B        C        D        E       F      G
               +--------+--------+--------+--------+--------+-----+--------+
         Total |   1069 |   1059 |     10 |      0 |    916 |   2 |  534.5 |
       Dungeon |   1069 |   1059 |     10 |      0 |    916 |   2 |  534.5 |
               +--------+--------+--------+--------+--------+-----+--------+

Top non-repeatable levels by time:
     D:1: 1065 daAuts
     D:2: 4 daAuts
